[Event "Titled Tuesday Blitz July 6 2021"]
[White "Chen, Max"]
[Black "Khalafova, Narmin"]
[WhiteFideId "2622440"]
[BlackFideId "13402625"]
[WhiteElo "2485"]
[BlackElo "2109"]
[Result "1-0"]
[Round "10"]
[TimeControl "180+1"]
[Date "2021.07.06"]
[WhiteClock "0:01:13"]
[BlackClock "0:00:39"]

1. e4 c5 2. c3 d6 3. d4 Nf6 4. Bd3 Nc6 5. Nf3 g6 6. O-O Bg7 7. d5 Ne5 8. Nxe5 dxe5 9. f3 O-O 10. Be3 Qc7 11. a4 c4 12. Be2 b6 13. Na3 Ba6 14. b3 cxb3 15. Bxa6 b2 16. Rb1 Qxc3 17. Qd3 Qa5 18. Bb5 Qb4 19. Nc4 Nd7 20. Rxb2 Nc5 21. Qc2 1-0


[Site "https://www.chess.com"]

[Event "Titled Tuesday Blitz July 6 2021"]
[White "Chernomordik, Pavel"]
[Black "Morris-Suzuki, Sophie"]
[WhiteFideId "2804530"]
[BlackFideId "30922615"]
[WhiteElo "2273"]
[BlackElo "2355"]
[Result "0-1"]
[Round "10"]
[TimeControl "180+1"]
[Date "2021.07.06"]
[WhiteClock "0:00:05"]
[BlackClock "0:00:10"]

1. e4 c5 2. Nc3 e6 3. f4 d6 4. Nf3 a6 5. g3 b5 6. Qe2 Bb7 7. Bg2 Be7 8. O-O Nf6 9. d3 O-O 10. h3 Nc6 11. Be3 d5 12. Bf2 d4 13. Nd1 Nd7 14. e5 Nb6 15. g4 c4 16. f5 cxd3 17. cxd3 Nd5 18. Bg3 f6 19. exf6 Bxf6 20. Qxe6+ Kh8 21. Qe2 Re8 22. Qd2 Ne3 23. Nxe3 dxe3 24. Qe2 Nd4 25. Nxd4 Bxg2 26. Kxg2 Qxd4 27. h4 Qxb2 28. Kf3 Qxe2+ 29. Kxe2 Bxa1 30. Rxa1 Rac8 31. d4 Rc2+ 32. Kf3 e2 33. Re1 Rxa2 34. Be5 b4 35. Kf2 b3 36. Rb1 Rd2 37. Ke1 Rd1+ 38. Rxd1 exd1=Q+ 39. Kxd1 a5 40. Kc1 a4 41. Kb2 Rc8 42. d5 Rc2+ 43. Ka3 Ra2+ 44. Kb4 b2 45. Bxb2 Rxb2+ 46. Kxa4 Rd2 47. Kb4 Rxd5 48. Kc4 Re5 49. Kd4 Re1 50. g5 Kg8 51. Kd5 Kf7 52. h5 Rg1 53. g6+ hxg6 54. hxg6+ Kf6 55. Ke4 Re1+ 56. Kf3 Rf1+ 57. Kg4 Rxf5 0-1


[Site "https://www.chess.com"]

[Event "Titled Tuesday Blitz July 6 2021"]
[White "Ciorgovean, Iustin"]
[Black "Arutinian, David"]
[WhiteFideId "1242911"]
[BlackFideId "13601741"]
[WhiteElo "2075"]
[BlackElo "2525"]
[Result "0-1"]
[Round "10"]
[TimeControl "180+1"]
[Date "2021.07.06"]
[WhiteClock "0:00:20"]
[BlackClock "0:00:49"]

1. d4 Nf6 2. c4 e6 3. g3 d5 4. Bg2 Bb4+ 5. Nd2 O-O 6. Nf3 b6 7. O-O Bb7 8. a3 Be7 9. b4 Nbd7 10. cxd5 exd5 11. Bb2 c5 12. bxc5 bxc5 13. Ne5 Rb8 14. Ndf3 c4 15. Qc2 Bd6 16. Bc3 h6 17. Bb4 Qe7 18. Bxd6 Qxd6 19. Rfb1 Ba8 20. Qa4 a6 21. e3 Rfd8 22. Rb4 Rxb4 23. Qxb4 Qxb4 24. axb4 Bb7 25. Kf1 Nb6 26. Ke1 Nc8 27. Nd2 Nd6 28. Nb1 Nfe4 29. f3 Nf6 30. Nc3 Rb8 31. Kd2 Kf8 32. f4 Ke7 33. Ra5 Nfe4+ 34. Bxe4 dxe4 35. Rc5 Rc8 36. Rxc8 Bxc8 37. Nd5+ Kd8 38. Nb6 Be6 39. d5 f6 40. Nc6+ Kc7 41. Na8+ Kb7 42. dxe6 Kxc6 43. Kc3 Kb7 44. e7 Kxa8 0-1


[Site "https://www.chess.com"]

[Event "Titled Tuesday Blitz July 6 2021"]
[White "Cunjalo, Faris"]
[Black "Perez Rodriguez, Luis Manuel"]
[WhiteFideId "14410710"]
[BlackFideId "3503364"]
[WhiteElo "2234"]
[BlackElo "2429"]
[Result "0-1"]
[Round "10"]
[TimeControl "180+1"]
[Date "2021.07.06"]
[WhiteClock "0:01:52"]
[BlackClock "0:02:01"]

1. Nf3 d5 2. g3 g6 3. Bg2 Bg7 4. O-O e5 5. d3 Ne7 6. e4 O-O 7. Nbd2 Nbc6 8. exd5 Nxd5 9. Re1 Re8 10. Ne4 h6 11. Nc3 Nxc3 12. bxc3 e4 13. dxe4 Bxc3 14. Bxh6 Qxd1 15. Raxd1 Bxe1 16. Rxe1 Nb4 17. c3 Nxa2 18. Bg5 Nxc3 19. Bf6 Nxe4 20. Ba1 Bf5 21. Nd4 Nxg3 22. Rxe8+ Rxe8 23. hxg3 Re1+ 0-1


[Site "https://www.chess.com"]

[Event "Titled Tuesday Blitz July 6 2021"]
[White "Cunjalo, Faris"]
[Black "Salem, A.R. Saleh"]
[WhiteFideId "14410710"]
[BlackFideId "9301348"]
[WhiteElo "2234"]
[BlackElo "2642"]
[Result "0-1"]
[Round "10"]
[TimeControl "180+1"]
[Date "2021.07.06"]
[WhiteClock "0:00:01"]
[BlackClock "0:00:39"]

1. c4 c5 2. Nf3 Nf6 3. Nc3 d5 4. cxd5 Nxd5 5. e3 e6 6. Bb5+ Bd7 7. Bc4 Nb6 8. Be2 Nc6 9. O-O Be7 10. b3 O-O 11. Bb2 e5 12. d3 Be6 13. Rc1 Rc8 14. Ne4 Nd7 15. d4 cxd4 16. exd4 Bd5 17. Nc3 Bxf3 18. Bxf3 Nxd4 19. Bxb7 Rc7 20. Ba6 Bg5 21. Rb1 Nc5 22. Bc4 Rd7 23. Qg4 Kh8 24. Ba3 f5 25. Qh3 Be7 26. Rbd1 h6 27. Rfe1 e4 28. Kf1 Rf6 29. Ne2 Nc2 30. Rxd7 Qxd7 31. Bxc5 Nxe1 32. Bxe7 Nc2 33. Nc3 Qxe7 34. Qg3 f4 0-1


[Site "https://www.chess.com"]

[Event "Titled Tuesday Blitz July 6 2021"]
[White "Deviprasath, Sharvesh"]
[Black "Makhmudov, Shukhrat"]
[WhiteFideId "30938228"]
[BlackFideId "14200775"]
[WhiteElo "2102"]
[BlackElo "2135"]
[Result "0-1"]
[Round "10"]
[TimeControl "180+1"]
[Date "2021.07.06"]
[WhiteClock "0:00:52"]
[BlackClock "0:01:32"]

1. Nf3 d5 2. c4 e6 3. e3 Nf6 4. Nc3 c6 5. Qc2 Nbd7 6. d4 Bd6 7. Bd2 Qe7 8. O-O-O O-O 9. e4 dxe4 10. Nxe4 Nxe4 11. Qxe4 e5 12. dxe5 Nxe5 13. Bc3 Nxf3 14. Qxf3 Qg5+ 15. Kb1 Qf5+ 16. Qxf5 Bxf5+ 17. Bd3 Bxd3+ 18. Rxd3 Rad8 19. Rhd1 Bc7 20. Rxd8 Rxd8 21. Rxd8+ Bxd8 22. Kc2 f6 23. Kd3 Kf7 24. Ke4 Ke6 25. Bd4 f5+ 26. Kd3 Bf6 27. Bxf6 Kxf6 28. Kd4 Ke6 29. a4 b6 30. a5 c5+ 31. Kc3 Ke5 32. axb6 axb6 33. Kd3 f4 34. b3 g5 35. g3 h5 36. h4 fxg3 37. fxg3 gxh4 38. gxh4 Kf4 39. Ke2 Ke4 40. Kd2 Kd4 41. Kc2 Ke3 42. Kc3 Kf4 43. Kd3 Kg4 44. Ke4 Kxh4 45. Kf4 Kh3 46. Kf3 h4 0-1


[Site "https://www.chess.com"]

[Event "Titled Tuesday Blitz July 6 2021"]
[White "Dobrov, Vladimir"]
[Black "Afanasiev, Nikita"]
[WhiteFideId "4136594"]
[BlackFideId "24183555"]
[WhiteElo "2614"]
[BlackElo "2521"]
[Result "1-0"]
[Round "10"]
[TimeControl "180+1"]
[Date "2021.07.06"]
[WhiteClock "0:00:28"]
[BlackClock "0:00:01"]

1. d4 e6 2. c4 b6 3. Nf3 Bb7 4. Nc3 Bb4 5. Qc2 Nf6 6. a3 Bxc3+ 7. Qxc3 O-O 8. e3 c5 9. Be2 cxd4 10. exd4 d6 11. O-O Nbd7 12. b4 Rc8 13. a4 Bd5 14. Qb3 Be4 15. b5 d5 16. Nd2 dxc4 17. Nxc4 Bd5 18. Ba3 Re8 19. Rac1 e5 20. Qb2 Bxc4 21. Bxc4 exd4 22. Rfd1 Ne5 23. Rxd4 Qc7 24. Bf1 Qxc1 25. Qxc1 Rxc1 26. Bxc1 Ned7 27. f3 Nc5 28. Ba3 Rc8 29. Kf2 Kf8 30. g4 Ke7 31. h4 Ne8 32. g5 Nd6 33. Rd5 f6 34. gxf6+ gxf6 35. Rh5 Ke6 36. Rxh7 Rd8 37. Rxa7 Kd5 38. Bxc5 1-0


[Site "https://www.chess.com"]

[Event "Titled Tuesday Blitz July 6 2021"]
[White "Dovbnia, Nikita"]
[Black "Pham, Le Thao Nguyen"]
[WhiteFideId "54104599"]
[BlackFideId "12401226"]
[WhiteElo "2121"]
[BlackElo "2286"]
[Result "0-1"]
[Round "10"]
[TimeControl "180+1"]
[Date "2021.07.06"]
[WhiteClock "0:00:01"]
[BlackClock "0:00:14"]

1. e4 c6 2. d4 d5 3. Nc3 dxe4 4. Nxe4 Nf6 5. Nxf6+ exf6 6. c3 Bd6 7. Bd3 O-O 8. Ne2 Re8 9. O-O Nd7 10. Ng3 Nf8 11. Qf3 Qc7 12. Be3 Be6 13. a3 Ng6 14. Rad1 b5 15. Rfe1 a6 16. Qh5 Nf8 17. Ne4 Bd5 18. Nxd6 Qxd6 19. Rd2 Re7 20. Rde2 Rae8 21. Bd2 g6 22. Rxe7 Rxe7 23. Rxe7 gxh5 24. Re3 Kg7 25. Rg3+ Ng6 26. f4 f5 27. Bxf5 Be6 28. Bd3 f5 29. Rg5 h4 30. Bxf5 Bxf5 31. Rxf5 Qe6 32. Rc5 Qe2 33. f5 Qd1+ 34. Kf2 Qxd2+ 35. Kf3 Qd3+ 36. Kg4 Qe4+ 37. Kg5 Qxg2+ 38. Kh5 Nf4+ 39. Kxh4 h5 40. f6+ Kg6 41. Rxh5 Qxh2+ 42. Kg4 Qxh5+ 43. Kxf4 Qf5+ 44. Ke3 Kxf6 0-1


[Site "https://www.chess.com"]

[Event "Titled Tuesday Blitz July 6 2021"]
[White "Dushyant Sharma"]
[Black "Terletsky, Oleg"]
[WhiteFideId "25065130"]
[BlackFideId "14116774"]
[WhiteElo "2019"]
[BlackElo "2094"]
[Result "1-0"]
[Round "10"]
[TimeControl "180+1"]
[Date "2021.07.06"]
[WhiteClock "0:00:08"]
[BlackClock "0:00:13"]

1. e4 e5 2. Nf3 Nc6 3. Nc3 Nf6 4. Bb5 Bb4 5. O-O O-O 6. d3 d6 7. Bg5 Bxc3 8. bxc3 Qe7 9. Re1 Nd8 10. d4 Ne6 11. Bh4 c5 12. Rb1 Rd8 13. Bc4 h6 14. Qd2 Nf4 15. h3 g5 16. Nxg5 hxg5 17. Bxg5 Be6 18. d5 Bc8 19. Qe3 Ng6 20. Qg3 Kg7 21. Re3 Rh8 22. Rf3 Nxe4 23. Bxe7 Nxg3 24. Rxg3 f5 25. Bxd6 f4 26. Bxe5+ Kh7 27. Rxg6 Kxg6 28. Bxh8 b6 29. Bd3+ Bf5 30. Bxf5+ Kxf5 31. Bg7 c4 32. Bd4 Rd8 33. Rb5 f3 34. gxf3 Kf4 35. a4 Rd6 36. a5 bxa5 37. Rxa5 a6 38. Rc5 Kxf3 39. Rc8 Rxd5 40. Rf8+ Ke2 41. Re8+ Kd2 42. f4 Kxc2 43. Re5 Rd6 44. Kg2 a5 45. Rxa5 Rg6+ 46. Rg5 Re6 47. Kf3 1-0


[Site "https://www.chess.com"]

[Event "Titled Tuesday Blitz July 6 2021"]
[White "Dzhaparov, Medet"]
[Black "Golubev, Mikhail"]
[WhiteFideId "13803689"]
[BlackFideId "14100983"]
[WhiteElo "1702"]
[BlackElo "2374"]
[Result "0-1"]
[Round "10"]
[TimeControl "180+1"]
[Date "2021.07.06"]
[WhiteClock "0:00:03"]
[BlackClock "0:00:23"]

1. d4 d6 2. c4 g6 3. Nf3 Bg7 4. g3 Nf6 5. Bg2 O-O 6. O-O Nbd7 7. Nc3 e5 8. e4 Re8 9. h3 b6 10. Be3 Bb7 11. d5 a5 12. Ne1 Nc5 13. b3 Nfd7 14. g4 Rf8 15. Qc2 f5 16. exf5 gxf5 17. gxf5 Qf6 18. Nf3 Qxf5 19. Qxf5 Rxf5 20. Ng5 Bh6 21. h4 Bxg5 22. hxg5 Rf7 23. Rac1 Raf8 24. Nb5 Nb8 25. Rcd1 Nba6 26. Kh2 Nb4 27. Rd2 Nba6 28. Kg3 Bc8 29. Rh1 Bd7 30. Nc3 Nb4 31. a3 Nbd3 32. Rb1 Nf4 33. b4 axb4 34. axb4 Bf5 35. bxc5 Bxb1 36. Nxb1 bxc5 37. Be4 Rg7 38. Kg4 h6 39. g6 Nxg6 40. Bxh6 Nh4+ 41. Bxg7 Rf4+ 42. Kg3 Rxe4 43. Nc3 Nf5+ 44. Kg2 Rg4+ 45. Kf3 Rf4+ 46. Ke2 Kxg7 47. Nb5 Nd4+ 48. Nxd4 Rxd4 49. Rc2 Kf6 50. Ke3 Kf5 51. f3 e4 52. fxe4+ Rxe4+ 53. Kd3 Ke5 54. Rg2 Rd4+ 55. Kc3 Rf4 56. Rg5+ Ke4 57. Rg7 Rf3+ 58. Kb2 Kd4 59. Rxc7 Kxc4 0-1


[Site "https://www.chess.com"]

[Event "Titled Tuesday Blitz July 6 2021"]
[White "Erdogdu, Mert"]
[Black "Jakubowski, Krzysztof"]
[WhiteFideId "6301495"]
[BlackFideId "1112848"]
[WhiteElo "2485"]
[BlackElo "2462"]
[Result "1-0"]
[Round "10"]
[TimeControl "180+1"]
[Date "2021.07.06"]
[WhiteClock "0:00:10"]
[BlackClock "0:00:05"]

1. e4 c5 2. Nf3 e6 3. d4 cxd4 4. Nxd4 Nc6 5. Nc3 Qc7 6. Be3 a6 7. Qd2 Nf6 8. O-O-O Bb4 9. f3 O-O 10. g4 b5 11. g5 Ne8 12. Qe1 Bb7 13. Kb1 Ba5 14. Nb3 f6 15. Nxa5 Nxa5 16. gxf6 Rxf6 17. Be2 Rf7 18. Qg3 Nc4 19. Qxc7 Nxc7 20. Bc1 Raf8 21. b3 Nb6 22. Be3 Nc8 23. Bc5 Re8 24. a4 Bc6 25. axb5 axb5 26. Kb2 e5 27. Nd5 Ne6 28. Be3 Ne7 29. Nb4 Nf4 30. Bf1 Nfg6 31. Nxc6 dxc6 32. Be2 Nf4 33. Bxf4 Rxf4 34. Rd6 Rh4 35. b4 Rh3 36. c4 bxc4 37. Bxc4+ Kf8 38. Be2 Rb8 39. Kc3 Ra8 40. Kb3 Ke8 41. Rd2 Kf7 42. Bc4+ Ke8 43. Rf2 Ng6 44. Rg1 Kf8 45. Rg5 Ra1 46. Rf5+ Ke8 47. Bf7+ Kd7 48. Bxg6 hxg6 49. Rxe5 Rb1+ 50. Kc4 Rc1+ 51. Kd4 Rd1+ 52. Kc5 Rc1+ 53. Kb6 Kd6 54. Rg5 Rb1 55. Rxg6+ Ke5 56. Kxc6 Rxb4 57. Rxg7 Rc4+ 58. Kd7 Rh8 59. Re7+ Kf6 60. Re6+ Kf7 61. Rd2 Ra8 62. Re7+ Kf8 63. Re5 Ra7+ 64. Ke6 Rc6+ 65. Kf5 Rf7+ 66. Kg4 Rg6+ 67. Rg5 Rxg5+ 68. Kxg5 Rxf3 69. h4 Re3 70. Kf4 Rh3 71. Kg4 Re3 72. Rd4 Kf7 73. h5 Re1 74. Kf5 Rf1+ 75. Ke5 Rh1 76. Rd7+ Ke8 77. Rh7 Kf8 78. Kf6 Kg8 79. Rg7+ Kf8 80. Rg5 Rf1+ 81. Rf5 Ra1 82. e5 Ke8 83. e6 Rh1 84. Rg5 Rf1+ 85. Kg7 Ke7 86. Rg6 1-0


[Site "https://www.chess.com"]

[Event "Titled Tuesday Blitz July 6 2021"]
[White "Gabrielian, Artur"]
[Black "Keymer, Vincent"]
[WhiteFideId "4131002"]
[BlackFideId "12940690"]
[WhiteElo "2523"]
[BlackElo "2474"]
[Result "1-0"]
[Round "10"]
[TimeControl "180+1"]
[Date "2021.07.06"]
[WhiteClock "0:00:41"]
[BlackClock "0:00:01"]

1. e4 c6 2. d4 d5 3. e5 Bf5 4. h4 h6 5. Nc3 e6 6. g4 Bh7 7. Be3 Ne7 8. Nge2 Nd7 9. Qd2 c5 10. f4 Nc6 11. Bg2 h5 12. f5 cxd4 13. fxe6 fxe6 14. Nxd4 Nxd4 15. Bxd4 hxg4 16. O-O-O Be7 17. Qf4 g5 18. Qxg4 Bf5 19. Qe2 gxh4 20. Rdf1 Qa5 21. Rxf5 exf5 22. e6 Nf6 23. Bxf6 Bxf6 24. Nxd5 Bg5+ 25. Kb1 O-O-O 26. e7 Rde8 27. Qe6+ Kb8 28. Qe5+ Kc8 29. Bh3 b5 30. Qxf5+ Kb7 31. Qxg5 Rhg8 32. Qe5 Qd2 33. a3 1-0


[Site "https://www.chess.com"]

[Event "Titled Tuesday Blitz July 6 2021"]
[White "Garcia Blanco, Omar"]
[Black "Maltsevskaya, Aleksandra"]
[WhiteFideId "2287153"]
[BlackFideId "24174041"]
[WhiteElo "2273"]
[BlackElo "2225"]
[Result "0-1"]
[Round "10"]
[TimeControl "180+1"]
[Date "2021.07.06"]
[WhiteClock "0:00:07"]
[BlackClock "0:00:36"]

1. e4 c5 2. c3 g6 3. d4 cxd4 4. cxd4 d5 5. exd5 Nf6 6. Nc3 Bg7 7. Bb5+ Nbd7 8. d6 O-O 9. dxe7 Qxe7+ 10. Nge2 a6 11. Bd3 b5 12. O-O b4 13. Na4 Bb7 14. Nf4 Rad8 15. Qe2 Qd6 16. a3 Rfe8 17. Be3 Nd5 18. Nxd5 Qxd5 19. Qg4 Nf6 20. Qh3 bxa3 21. Rxa3 h5 22. Nc5 Bc8 23. Qg3 Ng4 24. Bxa6 Bxd4 25. Bxd4 Qxd4 26. Bxc8 Rxc8 27. Nb7 Rc2 28. Rf3 Rxb2 29. Nd6 Reb8 30. h3 Rb1 31. hxg4 Rxf1+ 32. Kh2 Rbb1 33. Qf4 Rh1+ 34. Kg3 h4# 0-1


[Site "https://www.chess.com"]

[Event "Titled Tuesday Blitz July 6 2021"]
[White "Gedajlovic, Max"]
[Black "Koridze, Lile"]
[WhiteFideId "2616840"]
[BlackFideId "13612514"]
[WhiteElo "2137"]
[BlackElo "1978"]
[Result "0-1"]
[Round "10"]
[TimeControl "180+1"]
[Date "2021.07.06"]
[WhiteClock "0:00:03"]
[BlackClock "0:00:18"]

1. d4 Nf6 2. Nf3 d5 3. e3 c6 4. c4 Bg4 5. h3 Bh5 6. Nc3 e6 7. g4 Bg6 8. Ne5 Be4 9. f3 Bg6 10. g5 Nh5 11. Nxg6 hxg6 12. cxd5 Qxg5 13. dxe6 Qh4+ 14. Kd2 fxe6 15. Qb3 Qf6 16. Qxb7 Qxf3 17. Qxa8 Qxh1 18. Qxb8+ Kf7 19. Qc7+ Be7 20. Bc4 Ng3 21. Qf4+ Nf5 22. e4 Qg2+ 23. Kd1 Rxh3 24. Bd2 Rh1+ 25. Be1 Bh4 26. Bxe6+ Kxe6 27. exf5+ Kd7 28. Qxh4 Rxh4 29. Bxh4 Qg4+ 30. Kc2 Qxh4 31. fxg6 Qg5 32. Re1 Qxg6+ 33. Kb3 Qd3 34. Rd1 Qf3 35. d5 cxd5 36. Rxd5+ Kc6 37. Ra5 Kb6 38. Rb5+ Kc7 39. Rc5+ Kd6 40. Kb4 g5 41. Nb5+ Kd7 42. Rc7+ Kd8 43. Rxa7 g4 44. Nd4 Qe4 45. Kc5 Qe5+ 46. Kc4 Qe4 47. Rg7 Ke8 48. Kc5 Qe5+ 49. Kc4 Qxg7 50. Nf5 Qf7+ 0-1


[Site "https://www.chess.com"]

[Event "Titled Tuesday Blitz July 6 2021"]
[White "Golubenko, Valentina"]
[Black "Tanenbaum, Zachary"]
[WhiteFideId "4501993"]
[BlackFideId "2060850"]
[WhiteElo "2164"]
[BlackElo "2165"]
[Result "1-0"]
[Round "10"]
[TimeControl "180+1"]
[Date "2021.07.06"]
[WhiteClock "0:00:20"]
[BlackClock "0:00:10"]

1. d4 d5 2. g3 Nf6 3. Bg2 Bf5 4. c4 e6 5. cxd5 exd5 6. Nc3 c6 7. Nf3 Nbd7 8. O-O Bd6 9. Nh4 Be4 10. Nxe4 dxe4 11. Nf5 Bf8 12. f3 g6 13. Nh4 exf3 14. exf3 Bg7 15. Re1+ Kf8 16. Bf4 Nb6 17. Qd2 Nbd5 18. Bh6 Kg8 19. Rad1 Qf8 20. Bxg7 Kxg7 21. Re5 h6 22. f4 Qd6 23. f5 Rae8 24. Rde1 g5 25. Nf3 Qd7 26. Nxg5 hxg5 27. Qxg5+ Kh7 28. Bxd5 Nxd5 29. f6 Nxf6 30. Qh4+ Kg7 31. Rg5+ Kf8 32. Qxh8+ Ng8 33. Qxg8# 1-0


[Site "https://www.chess.com"]

[Event "Titled Tuesday Blitz July 6 2021"]
[White "Gracia Alvarez, Gerardo Antonio"]
[Black "Mohammad Fahad, Rahman"]
[WhiteFideId "5109124"]
[BlackFideId "10207791"]
[WhiteElo "2148"]
[BlackElo "2323"]
[Result "0-1"]
[Round "10"]
[TimeControl "180+1"]
[Date "2021.07.06"]
[WhiteClock "0:00:17"]
[BlackClock "0:00:21"]

1. e4 e5 2. Nf3 Nc6 3. Bc4 Nf6 4. d3 Bc5 5. O-O d6 6. c3 a6 7. Bb3 Ba7 8. Nbd2 O-O 9. h3 h6 10. Re1 Re8 11. Nf1 Be6 12. Bc2 d5 13. exd5 Bxd5 14. Ng3 Qd7 15. Nh4 Rad8 16. Nhf5 Bc5 17. Nxh6+ gxh6 18. Bxh6 Bf8 19. Qd2 Nh7 20. d4 exd4 21. Qd3 f5 22. Nxf5 Be6 23. Bxf8 Bxf5 24. Qg3+ Kxf8 25. Qf4 d3 26. Bb3 Kg7 27. Qg3+ Bg6 28. Rxe8 Rxe8 29. h4 Nf6 30. Qg5 d2 31. Rd1 Re1+ 32. Kh2 Qd6+ 33. f4 Re4 34. g3 Re2+ 35. Kh3 Qd7+ 36. g4 Qd3# 0-1


[Site "https://www.chess.com"]

[Event "Titled Tuesday Blitz July 6 2021"]
[White "Grebeniuk, Semen"]
[Black "Borisova, Ekaterina"]
[WhiteFideId "14117509"]
[BlackFideId "34124184"]
[WhiteElo "2232"]
[BlackElo "2021"]
[Result "0-1"]
[Round "10"]
[TimeControl "180+1"]
[Date "2021.07.06"]
[WhiteClock "0:00:04"]
[BlackClock "0:00:24"]

1. d4 Nf6 2. Nf3 e6 3. Bg5 h6 4. Bh4 c5 5. e3 b6 6. Bd3 Bb7 7. O-O g5 8. Bg3 g4 9. Nfd2 h5 10. Bh4 Be7 11. c4 d6 12. Nc3 Nbd7 13. Qe2 Rg8 14. Rad1 a6 15. dxc5 bxc5 16. Bc2 Qc7 17. Ba4 Kf8 18. e4 Ne5 19. Qe3 Rg6 20. Bg3 Nfd7 21. Bxd7 Nxd7 22. e5 dxe5 23. Rfe1 Bg5 24. Bxe5 Bxe3 25. Bxc7 Bd4 26. Nb3 e5 27. Ne4 Bxe4 28. Rxe4 f5 29. Re2 Rc6 30. Ba5 Kf7 31. Be1 h4 32. Kf1 Rg8 33. Nc1 Re6 34. Nb3 f4 35. Bc3 f3 36. Re4 Rf6 37. g3 hxg3 38. hxg3 Rh8 39. Ke1 Rh1+ 40. Kd2 Rxd1+ 41. Kxd1 Bxf2 42. Rxg4 Bd4 43. Nd2 f2 44. Nf1 Nb6 45. Bxd4 cxd4 46. b3 Nd7 47. Ke2 Nc5 48. Rg5 Ke6 49. Nd2 a5 50. Rh5 d3+ 51. Kf1 e4 0-1


[Site "https://www.chess.com"]

[Event "Titled Tuesday Blitz July 6 2021"]
[White "Gunina, Valentina"]
[Black "Solon, Nathan"]
[WhiteFideId "4167570"]
[BlackFideId "2017229"]
[WhiteElo "2399"]
[BlackElo "2641"]
[Result "1-0"]
[Round "10"]
[TimeControl "180+1"]
[Date "2021.07.06"]
[WhiteClock "0:01:50"]
[BlackClock "0:00:43"]

1. d4 Nf6 2. c4 e6 3. Nf3 d5 4. Nc3 dxc4 5. e4 b5 6. e5 Nd5 7. Nxb5 Nb6 8. h4 Nc6 9. Be2 Be7 10. h5 h6 11. Rh3 Ba6 12. Nc3 Nb4 13. Kf1 Nd3 14. b3 O-O 15. bxc4 Nxc1 16. Rxc1 Bxc4 17. Rg3 Bxe2+ 18. Nxe2 c5 19. Qd2 Kh8 20. dxc5 Qxd2 21. Nxd2 Nd7 22. c6 Nxe5 23. f4 Bb4 24. Nb3 Nxc6 25. Rxc6 a5 26. a4 Rac8 27. Rxc8 Rxc8 28. Rd3 Rc2 29. Nbd4 Ra2 30. Nc6 Ra1+ 31. Kf2 Be1+ 32. Kf3 Rxa4 33. Ne5 Bh4 34. Nxf7+ Kg8 35. Ne5 Rb4 36. Ra3 a4 37. Nd3 Rb3 38. Rxb3 axb3 39. Nd4 b2 40. Nxb2 Bf6 41. Ke4 Kf7 42. Nc4 1-0


[Site "https://www.chess.com"]

[Event "Titled Tuesday Blitz July 6 2021"]
[White "Hryshchenko, Kamila"]
[Black "Tsotsonava, Elene"]
[WhiteFideId "14147491"]
[BlackFideId "13615939"]
[WhiteElo "1966"]
[BlackElo "1847"]
[Result "1-0"]
[Round "10"]
[TimeControl "180+1"]
[Date "2021.07.06"]
[WhiteClock "0:01:56"]
[BlackClock "0:01:43"]

1. e4 c5 2. Nf3 e6 3. Be2 Nc6 4. d4 cxd4 5. Nxd4 Qc7 6. Nc3 a6 7. O-O Nf6 8. Nxc6 bxc6 9. f4 Bb4 10. e5 Bxc3 11. bxc3 Nd5 12. c4 Qb6+ 13. Rf2 Nc3 14. Qd3 Nxe2+ 15. Qxe2 O-O 16. f5 exf5 17. Be3 Qb2 18. Raf1 Qxe5 19. Rxf5 Qe6 20. Qf3 d5 21. Rg5 Re8 22. Bd4 g6 23. Re5 Qxe5 24. Bxe5 Rxe5 25. Qf6 1-0


[Site "https://www.chess.com"]

[Event "Titled Tuesday Blitz July 6 2021"]
[White "Ibrahimli, Murad"]
[Black "Arabidze, Meri"]
[WhiteFideId "13410229"]
[BlackFideId "13604040"]
[WhiteElo "2109"]
[BlackElo "2432"]
[Result "1-0"]
[Round "10"]
[TimeControl "180+1"]
[Date "2021.07.06"]
[WhiteClock "0:00:15"]
[BlackClock "0:00:00"]

1. d4 d5 2. c4 e6 3. Nf3 Nf6 4. Nc3 Nbd7 5. cxd5 exd5 6. Bf4 c6 7. h3 Be7 8. e3 Nf8 9. Bd3 Ng6 10. Bh2 Bd6 11. Bxd6 Qxd6 12. Qc2 O-O 13. O-O Re8 14. Rab1 Bd7 15. b4 b5 16. a4 a6 17. a5 Re7 18. Rfe1 Rae8 19. Ne2 Ne4 20. Bxe4 dxe4 21. Nh2 Qf6 22. Qc5 Nh4 23. Ng3 Qg6 24. Qh5 Qxh5 25. Nxh5 f5 26. Rbc1 Kf7 27. g3 Ng6 28. h4 h6 29. Nf1 Nf8 30. Nd2 g5 31. hxg5 hxg5 32. g4 Kg6 33. Ng3 fxg4 34. Rc5 Ne6 35. Re5 Nc7 36. Rxe7 Rxe7 37. Ndxe4 Nd5 38. Rb1 Bf5 39. Nxf5 Rxe4 40. Ng3 Re8 41. Kg2 Rf8 42. Rb3 Rf3 43. Ne4 Nf4+ 44. Kf1 Nd5 45. Ke1 Rh3 46. Nc5 g3 47. fxg3 Rxg3 48. Kf2 Rh3 49. Nxa6 g4 50. Nc5 Kg5 51. a6 g3+ 52. Kg1 Kg4 53. a7 Rh8 54. Ra3 Nb6 55. Nd7 Na8 56. Ne5+ Kf5 57. Kg2 Rg8 58. Nxc6 Ke4 59. d5 Nb6 60. d6 Rf8 61. Kxg3 1-0


[Site "https://www.chess.com"]

[Event "Titled Tuesday Blitz July 6 2021"]
[White "Janaszak, Dawid"]
[Black "Riazantsev, Alexander"]
[WhiteFideId "1119206"]
[BlackFideId "4125029"]
[WhiteElo "2332"]
[BlackElo "2497"]
[Result "0-1"]
[Round "10"]
[TimeControl "180+1"]
[Date "2021.07.06"]
[WhiteClock "0:00:02"]
[BlackClock "0:00:17"]

1. e4 c6 2. d4 d5 3. exd5 cxd5 4. Bd3 Nc6 5. c3 Nf6 6. Bf4 Bg4 7. Qb3 Qd7 8. Nd2 e6 9. Ngf3 Bxf3 10. Nxf3 Bd6 11. Bxd6 Qxd6 12. O-O O-O 13. Rae1 Qc7 14. Ne5 Nxe5 15. dxe5 Nd7 16. Qd1 g6 17. f4 b5 18. Kh1 Rab8 19. Qe2 b4 20. c4 Nb6 21. Rc1 dxc4 22. Bxc4 Qe7 23. Ba6 Rfd8 24. h3 h5 25. Rc6 Kg7 26. Rfc1 Nd5 27. Qf3 Rb6 28. Rxb6 axb6 29. Rd1 Qc7 30. Qf2 Ra8 31. Bd3 Rxa2 32. f5 exf5 33. Bxf5 Qxe5 34. Bd3 Rxb2 35. Qf3 Nf4 36. Rf1 g5 37. g3 Qd5 38. gxf4 Qxf3+ 39. Rxf3 g4 40. hxg4 hxg4 41. Rg3 Rb3 42. Kh2 Kf6 43. Be2 Rc3 44. Bxg4 Rc4 45. Be2 Rxf4 46. Rf3 Ke5 47. Rxf4 Kxf4 48. Kg2 Ke3 49. Bc4 f5 50. Kf1 f4 51. Ke1 Kd4 0-1


[Site "https://www.chess.com"]

[Event "Titled Tuesday Blitz July 6 2021"]
[White "Jarovinsky, Alexey"]
[Black "AleksanderHnydiuk"]
[WhiteFideId "14115131"]
[WhiteElo "2446"]
[BlackElo "2556"]
[Result "0-1"]
[Round "10"]
[TimeControl "180+1"]
[Date "2021.07.06"]
[WhiteClock "0:00:01"]
[BlackClock "0:00:36"]

1. Nc3 d5 2. e4 d4 3. Nce2 e5 4. c3 c5 5. Ng3 Be6 6. Bb5+ Nd7 7. Nf3 Bd6 8. d3 Ne7 9. Ng5 O-O 10. Nxe6 fxe6 11. Qg4 Rf6 12. Bg5 Rg6 13. h4 h6 14. Bxe7 Rxg4 15. Bxd8 Rxd8 16. Bc4 Kf7 17. Nf5 Nb6 18. Bb3 Rxg2 19. Ke2 c4 20. Nxd6+ Rxd6 21. dxc4 Nd7 22. cxd4 exd4 23. Rag1 Rxg1 24. Rxg1 Nc5 25. f3 Nxb3 26. axb3 Rb6 27. Kd3 Rxb3+ 28. Kxd4 Rxf3 29. b4 a6 30. Kc5 Rc3 31. Rd1 b5 32. Rb1 bxc4 33. Kb6 Rb3 34. Rf1+ Ke7 35. Kc5 c3 36. Kc4 Ra3 37. Rg1 Kf6 38. h5 g5 39. hxg6 Kg7 40. Kd3 h5 41. Kc2 e5 42. Rg5 h4 43. Rg4 h3 44. Rh4 h2 45. Kd3 c2+ 46. Kxc2 Ra1 0-1


[Site "https://www.chess.com"]

[Event "Titled Tuesday Blitz July 6 2021"]
[White "Jobava, Baadur"]
[Black "Vogel, Roven"]
[WhiteFideId "13601520"]
[BlackFideId "12908088"]
[WhiteElo "2748"]
[BlackElo "2516"]
[Result "1-0"]
[Round "10"]
[TimeControl "180+1"]
[Date "2021.07.06"]
[WhiteClock "0:01:29"]
[BlackClock "0:00:19"]

1. e4 c5 2. c3 Nf6 3. e5 Nd5 4. d4 cxd4 5. Qxd4 e6 6. Nf3 Nc6 7. Qg4 d6 8. exd6 Nf6 9. Qf4 Bxd6 10. Qh4 O-O 11. Be2 b6 12. O-O Bb7 13. Rd1 Nd5 14. Bg5 Qc7 15. Bd2 Nf4 16. Bf1 Ng6 17. Qh5 Nce5 18. Nxe5 Bxe5 19. Na3 Rad8 20. g3 Qc6 21. f3 Qxf3 22. Qxf3 Bxf3 23. Nc4 Bxd1 24. Rxd1 b5 25. Ne3 Bf6 26. Bxb5 Bg5 27. Kf2 Rb8 28. a4 a6 29. Bxa6 Rxb2 30. h4 Bh6 31. Nc4 Ra2 32. Bb5 Rd8 33. Ke1 Ne5 34. Nxe5 Rdxd2 35. c4 g6 36. c5 Bg7 37. Rxd2 Ra1+ 38. Ke2 Bxe5 39. g4 h6 40. c6 Kf8 41. Rd8+ Ke7 42. c7 Bxc7 43. Rd7+ Kf6 44. Rxc7 g5 45. h5 1-0


[Site "https://www.chess.com"]